 Dungeon Crawl Stone Soup version 0.22-a0-86-g94e0ad4 (webtiles) character file.

1221 KristoblXynda the Slasher (level 8, -1/63 HPs)
             Began as a Grey Draconian Monk on Jan 20, 2018.
             Was a Believer of Nemelex Xobeh.
             Killed by divine providence
             ... invoked by an orc priest
              (10 damage)
             ... on level 6 of the Dungeon.
             The game lasted 00:12:52 (4489 turns).

KristoblXynda the Slasher (Grey Draconian Monk)     Turns: 4489, Time: 00:12:53

Health: -1/63      AC: 14    Str: 15    XL:     8   Next: 23%
Magic:  10/10      EV: 17    Int: 11    God:    Nemelex Xobeh [**....]
Gold:   321        SH:  0    Dex: 14    Spells: 7/7 levels left

rFire    . . .     SeeInvis .   f - +0 dagger (venom)
rCold    . . .     Gourm    .   (no shield)
rNeg     . . .     Faith    .   (armour unavailable)
rPois    .         Spirit   .   (helmet restricted)
rElec    .         Reflect  .   k - +0 cloak
rCorr    .         Harm     .   E - +0 pair of gloves
MR       .....                  (no boots)
Stlth    +++.......             (no amulet)
HPRegen  0.20/turn              j - +2 ring of evasion
MPRegen  0.12/turn              y - +1 ring of protection

@: no status effects
A: walk through water, unfitting armour, unbreathing, cold-blooded, AC +11
a: Renounce Religion


You were on level 6 of the Dungeon.
You worshipped Nemelex Xobeh.
Nemelex Xobeh was pleased with you.
You were hungry.

You visited 2 branches of the dungeon, and saw 7 of its levels.

You collected 321 gold pieces.

Inventory:

Hand Weapons
 a - a +0 falchion
 f - a +0 dagger of venom (weapon)
Missiles
 B - 7 javelins of penetration (quivered)
Armour
 k - a +0 cloak (worn)
 E - a +0 pair of gloves (worn)
Jewellery
 j - a +2 ring of evasion (left hand)
 u - an uncursed ring of stealth
 y - a +1 ring of protection (right hand)
Wands
 l - a wand of paralysis (16)
 r - a wand of digging (18)
 x - a wand of scattershot (5)
Scrolls
 c - 2 scrolls of random uselessness {unknown}
 d - 3 scrolls of blinking
 h - 5 scrolls of teleportation
 i - 3 scrolls of remove curse
 m - 2 scrolls of magic mapping {unknown}
 n - 2 scrolls of immolation {unknown}
 p - 2 scrolls of enchant armour {unknown}
 F - a scroll of identify
 G - a scroll of summoning {unknown}
Potions
 e - 3 potions of heal wounds
 g - a potion of cancellation
 o - a potion of curing
 q - a potion of haste
 s - a potion of resistance
 t - a potion of lignification
 C - a potion of berserk rage
 D - a potion of brilliance
Miscellaneous
 v - an ornate deck of summoning {drawn: 1}
 w - a plain deck of destruction {drawn: 3}
 A - a plain deck of destruction
Comestibles
 b - 7 rations


   Skills:
 - Level 3.2 Fighting
 + Level 6.0 Long Blades
 + Level 5.4 Dodging
 - Level 5.0 Stealth
 + Level 3.2 Invocations
 + Level 2.9 Evocations


You had 7 spell levels left.
You didn't know any spells.

Dungeon Overview and Level Annotations

Branches:
Dungeon (6/15)             Temple (1/1) D:4

Altars:
Cheibriados
Dithmenos
Elyvilon
Fedhas
Gozag
Hepliaklqana
Kikubaaqudgha
Makhleb
Nemelex Xobeh
Okawaru
Qazlal
Ru
Sif Muna
Trog
Uskayaw
Wu Jian
Xom
Yredelemnul
Zin
The Shining One

Shops:
D:4 (


Innate Abilities, Weirdness & Mutations

You can walk through water.
Your dull iron-grey scales are very hard. (AC +11)
You cannot fit into any form of body armour.
You can survive without breathing.
You are cold-blooded and may be slowed by cold attacks.


Message History

The orc priest is moderately wounded.
You feel much better.
The orc priest hits you but does no damage.
You barely miss the orc priest.
The orc priest is heavily wounded.
The orc priest hits you.
You hit the orc priest but do no damage.
The orc priest looks as sick as possible!
The orc priest is heavily wounded.
The orc priest calls down the wrath of Beogh upon you.
Beogh smites you!
* * * LOW HITPOINT WARNING * * *
You hit the orc priest but do no damage.
The orc priest looks as sick as possible!
The orc priest is heavily wounded.
The orc priest closely misses you.
The orc priest calls down the wrath of Beogh upon you.
Beogh smites you!
You die...
Your body glows slightly and disappears.

..####
##.#.##
..# ##.##
#.# #.#
#.# ###.#
#...#
#.### #@#
#)# #o#
#.....o#
......###
####.#
... ###


You could see an orc priest and an orc.

Vanquished Creatures
  The ghost of Cenon the Ruffian, an amateur VSTm (D:4)
  The ghost of Paulus the Shield-Bearer, an amateur VSFi of Ru (D:3)
  A sky beast (D:5)
  An orc warrior (D:6)
  An ogre (D:5)
  2 scorpions (D:4)
  A crimson imp (D:5)
  2 centaur zombies (D:5)
  2 hounds
  3 orc priests
  A bullfrog skeleton (D:5)
  3 iguanas
  4 orc wizards
  3 worker ants
  A hound zombie (D:5)
  A worker ant zombie (D:6)
  4 adders
  2 oozes (D:1)
  A worm (D:2)
  A dart slug (D:1)
  3 leopard geckos
  9 orcs
  5 bats
  3 giant cockroaches
  7 hobgoblins
  6 jackals
  A quokka (D:2)
  2 ball pythons
  4 frilled lizards
  3 goblins
  8 kobolds
  9 rats
96 creatures vanquished.

Vanquished Creatures (others)
  A leopard gecko (D:4)
  A quokka (D:4)
2 creatures vanquished.

Grand Total: 98 creatures vanquished

Notes
Turn   | Place    | Note
-------+----------+-------------------------------------------
     0 | D:1      | KristoblXynda the Draconian Monk began the quest for the Orb.
     0 | D:1      | Reached XP level 1. HP: 19/19 MP: 1/1
    62 | D:1      | Reached XP level 2. HP: 25/26 MP: 2/2
   304 | D:1      | Reached XP level 3. HP: 28/31 MP: 3/3
  1095 | D:2      | Found a hide-covered altar of Uskayaw.
  1096 | D:2      | Found a blossoming altar of Fedhas.
  1104 | D:2      | Reached XP level 4. HP: 26/38 MP: 4/4
  1547 | D:3      | Found a faded altar of an unknown god.
  1587 | D:3      | Noticed Paulus's ghost (amateur VSFi)
  1638 | D:3      | Killed Paulus's ghost
  1638 | D:3      | Reached skill level 4 in Long Blades
  1638 | D:3      | Reached XP level 5. HP: 4/45 MP: 5/5
  2400 | D:4      | Found Ongonupu's Antique Weapon Emporium.
  2404 | D:4      | Reached XP level 6. HP: 51/51 MP: 6/6
  2759 | D:4      | Found a staircase to the Ecumenical Temple.
  2813 | Temple   | Entered the Ecumenical Temple
  3119 | Temple   | Became a worshipper of Nemelex Xobeh the Trickster
  3119 | Temple   | Received a gift from Nemelex Xobeh
  3119 | Temple   | Reached * piety under Nemelex Xobeh
  3119 | Temple   | Received a gift from Nemelex Xobeh
  3119 | Temple   | Reached ** piety under Nemelex Xobeh
  3215 | D:5      | Entered Level 5 of the Dungeon
  3241 | D:5      | Reached skill level 5 in Long Blades
  3266 | D:4      | Found a white marble altar of Elyvilon.
  3269 | D:4      | Noticed Cenon's ghost (amateur VSTm)
  3288 | D:4      | Killed Cenon's ghost
  3288 | D:4      | Reached skill level 1 in Invocations
  3288 | D:4      | Your scales start taking on a dull iron-grey colour.
  3288 | D:4      | Reached XP level 7. HP: 35/57 MP: 7/7
  3288 | D:4      | Gained mutation: You can survive without breathing. [Grey Draconian growth]
  3473 | D:4      | Received a gift from Nemelex Xobeh
  3511 | D:5      | Reached skill level 1 in Evocations
  3833 | D:5      | Reached skill level 5 in Dodging
  3838 | D:5      | Reached skill level 5 in Stealth
  4147 | D:6      | Reached XP level 8. HP: 62/63 MP: 8/10
  4474 | D:6      | Reached skill level 6 in Long Blades
  4483 | D:6      | HP: 1/63 [orc priest/divine providence (12)]
  4489 | D:6      | Killed from afar by an orc priest

Vault maps used:
D:1:      erik_arrival_gehennom, kennysheep_another_room
D:2:      gammafunk_temple_overflow_pools
D:3:      chequers_ecumenical_altar_simple, first_ration, lemuel_old_faithful
D:4:      minmay_temple_entry_poolview, serial_shops, shop, elyvilon_altar_4
D:6:      wad_floor_pattern_2
Temple:   dpeg_five_rooms_temple

Skill      XL: |  1  2  3  4  5  6  7  8 |
---------------+-------------------------+-----
Stealth        | 2 3 4 5 |  5.0
Dodging        | 3 4 5 |  5.4
Long Blades    | 4 5 6 |  6.0
Invocations    | 1 2 3 |  3.2
Evocations     | 2 |  2.9
Fighting       | |  3.2

Action                   |  1- 3 |  4- 6 |  7- 9 || total
-------------------------+-------+-------+-------++-------
Melee: Falchion          |   102 |    87 |    84 ||   273
       Tailslap          |    13 |    10 |    45 ||    68
       Dagger            |       |    43 |    66 ||   109
Evoke: Deck              |       |     2 |     2 ||     4
       Wand              |       |       |     1 ||     1
  Use: Scroll            |       |     4 |     7 ||    11
       Potion            |       |     1 |     1 ||     2
 Stab: Sleeping          |     6 |     2 |     3 ||    11
       Distracted        |       |       |     1 ||     1
  Eat: Chunk             |       |     6 |     2 ||     8
       Ration            |       |     1 |       ||     1
Armor: Skin              |    45 |    46 |    48 ||   139
Dodge: Dodged            |    82 |    75 |   129 ||   286
       Rpst.: Falchion   |    29 |    13 |    27 ||    69

Table legend:
 A = Spawn XP
 B = Non-spawn XP
 C = Spawn XP percentage of total XP
 D = Spawn monster count
 E = Non-spawn monster count
 F = Spawn count percentage of total count
 G = Total turns spent on level
                    A         B        C        D         E        F      G
               +---------+---------+-------+---------+---------+-------+---------
         Total |       0 |    1745 |   0.0 |       0 |      96 |   0.0 |  4489
               +---------+---------+-------+---------+---------+-------+---------
           D:1 |       0 |      50 |   0.0 |       0 |      25 |   0.0 |   667
           D:2 |       0 |      58 |   0.0 |       0 |      12 |   0.0 |   626
           D:3 |       0 |     190 |   0.0 |       0 |      21 |   0.0 |  1045
           D:4 |       0 |     419 |   0.0 |       0 |      10 |   0.0 |   773
           D:5 |       0 |     644 |   0.0 |       0 |      15 |   0.0 |   512
           D:6 |       0 |     384 |   0.0 |       0 |      13 |   0.0 |   506
               +---------+---------+-------+---------+---------+-------+---------
